 Dungeon Crawl Stone Soup version 0.23-a0-558-g30802b1 (webtiles) character file.

427 Lavandula the Cudgeler (level 7, -13/45 HPs)
             Began as a Halfling Enchanter on Dec 12, 2018.
             Was a Follower of Cheibriados.
             Mangled by an ogre
             ... wielding a +0 giant club
              (24 damage)
             ... on level 6 of the Dungeon.
             The game lasted 00:12:23 (2775 turns).

Lavandula the Cudgeler (Halfling Enchanter)         Turns: 2775, Time: 00:12:24

Health: -13/45     AC:  3    Str: 11    XL:     7   Next: 18%
Magic:  3/9        EV: 16    Int: 17    God:    Cheibriados [*.....]
Gold:   117        SH:  0    Dex: 17    Spells: 3/9 levels left

rFire    . . .     SeeInvis .   j - +0 whip (venom)
rCold    . . .     Gourm    .   (shield restricted)
rNeg     . . .     Faith    .   b - +0 robe
rPois    .         Spirit   .   (no helmet)
rElec    .         Reflect  .   f - +0 cloak
rCorr    .         Harm     .   (no gloves)
MR       .....                  (no boots)
Stlth    +++.......             (no amulet)
HPRegen  0.15/turn              (no ring)
MPRegen  0.11/turn              (no ring)

@: very slightly contaminated, very slow
A: small, mutation resistance 1
a: Bend Time, Renounce Religion


You were on level 6 of the Dungeon.
You worshipped Cheibriados.
Cheibriados was aware of your devotion.
You were not hungry.

You visited 1 branch of the dungeon, and saw 7 of its levels.

You collected 117 gold pieces.

Inventory:

Hand Weapons
 a - a +1 dagger
 j - a +0 whip of venom (weapon)
 r - a +2 falchion of protection
Missiles
 h - 44 sling bullets
Armour
 b - a +0 robe (worn)
 f - a +0 cloak (worn)
Magical Staves
 n - an uncursed staff of death {unknown}
Wands
 m - a wand of flame (47)
 q - a wand of acid (1)
Scrolls
 g - a scroll of teleportation
 o - a scroll of remove curse
 p - a scroll of magic mapping
 s - a scroll of amnesia {unknown}
Potions
 c - a potion of flight {unknown}
 e - a potion of curing
 i - a potion of magic {unknown}
 k - a potion of ambrosia
 t - a potion of mutation {unknown}
Comestibles
 d - 6 rations


   Skills:
 - Level 2.0 Fighting
 - Level 1.2 Short Blades
 + Level 5.4 Maces & Flails
 - Level 3.2 Dodging
 - Level 3.2 Stealth
 - Level 1.5 Spellcasting
 - Level 2.4 Hexes


You had 3 spell levels left.
You knew the following spells:

 Your Spells              Type           Power        Failure   Level  Hunger
a - Corona                Hex            #......      8%          1    ##.....
b - Ensorcelled Hibernat  Hex/Ice        #.....       19%         2    ###....
c - Dazzling Spray        Conj/Hex       #.....       36%         3    ####...

Your spell library contained the following spells:

 Spells                   Type           Power        Failure   Level  Hunger
 Confuse                  Hex            #.......     22%         3    ####...
 Tukima's Dance           Hex            #.......     22%         3    ####...


Dungeon Overview and Level Annotations

Branches:
Dungeon (7/15)             Temple (0/1) D:4

Altars:
Ashenzari
Cheibriados
Nemelex Xobeh
Ru
Trog
Wu Jian

Annotations:
D:6 Grinder


Innate Abilities, Weirdness & Mutations

You are small and have problems with some larger weapons.
You are somewhat resistant to further mutation.


Message History

The ogre hits you with a +0 giant club!
An iguana comes into view.
The adder skeleton misses you.
Unknown command.
You hit the ogre.
The ogre looks as sick as possible!
The ogre is almost dead.
The adder skeleton bites you. The ogre hits you with a +0 giant club.
* * * LOW HITPOINT WARNING * * *
Unknown command.
Casting: Dazzling Spray (slightly dangerous; 36% risk of failure)
Confirm with . or Enter, or press ? or * to list all spells.
Aiming: Dazzling Spray (slightly dangerous; 36% risk of failure)
Press: ? - help, Shift-Dir - straight line, f/p - ogre
Aim: an ogre, wielding a +0 giant club (almost dead, poisoned, covered in acid)
You miscast Dazzling Spray.
You are very lightly contaminated with residual magic.
You feel a bit tired. The adder skeleton barely misses you.
The ogre hits you with a +0 giant club!!
Ouch! That really hurt!
You die...

########.... ###.......#
#.# #.## ..........#
#.#.... #.........#
#.#...##.
#.#.#.##..##.#.........
...........#.#.#.#...##
#.#.#...##.#.#.#......
#.#.#........#.#ZO.####.
#.#.#.........o.@....l..
#.#.#.#.†.#....#.#.####.
#.#.......#.#....#.####
###.........<.......#
#.#.#......#.#.####.##
###.....................
#.......#.##.#.#.####.##
#.###.#.#.##.#.#.# #.#
#.#......#.#.#


You could see an ogre, an iguana, an orc and an adder skeleton.

Vanquished Creatures
  An ogre (D:6)
  A bullfrog (D:6)
  2 hounds
  A jelly (D:5)
  An iguana (D:6)
  A worker ant (D:6)
  A hound skeleton (D:4)
  A howler monkey skeleton (D:3)
  4 adders
  An ooze (D:1)
  An adder zombie (D:5)
  A worm (D:4)
  2 dart slugs
  5 leopard geckos
  5 orcs
  4 giant cockroaches
  7 goblins
  2 hobgoblins
  4 jackals
  7 kobolds
  4 quokkas
  A ball python (D:1)
  A ball python zombie (D:5)
  3 bats
  3 frilled lizards
  A quokka zombie (D:5)
  5 rats
70 creatures vanquished.

Notes
Turn   | Place    | Note
-------+----------+-------------------------------------------
     0 | D:1      | Lavandula the Halfling Enchanter began the quest for the
                  | Orb.
     0 | D:1      | Reached XP level 1. HP: 11/11 MP: 3/3
   260 | D:1      | Reached skill level 1 in Fighting
   312 | D:1      | Reached XP level 2. HP: 12/18 MP: 2/4
   316 | D:1      | Learned a level 2 spell: Ensorcelled Hibernation
   521 | D:1      | Reached XP level 3. HP: 21/24 MP: 5/5
  1205 | D:3      | Reached XP level 4. HP: 25/29 MP: 6/6
  1236 | D:3      | Reached skill level 1 in Maces & Flails
  1292 | D:3      | Found a shattered altar of Ashenzari.
  1565 | D:5      | Entered Level 5 of the Dungeon
  1617 | D:4      | Noticed a phantom
  1619 | D:4      | Found an ornate altar of the Wu Jian Council.
  1765 | D:5      | Reached skill level 2 in Maces & Flails
  1765 | D:5      | Reached XP level 5. HP: 22/34 MP: 7/7
  1815 | D:6      | Noticed a bullfrog
  1827 | D:5      | Found a snail-covered altar of Cheibriados.
  1838 | D:5      | Became a worshipper of Cheibriados the Contemplative
  1843 | D:5      | Learned a level 3 spell: Dazzling Spray
  1911 | D:5      | Reached skill level 3 in Maces & Flails
  2024 | D:4      | Reached XP level 6. HP: 6/39 MP: 8/8
  2037 | D:4      | Found a staircase to the Ecumenical Temple.
  2175 | D:4      | Found a sparkling altar of Nemelex Xobeh.
  2178 | D:4      | Found a bloodstained altar of Trog.
  2259 | D:6      | Noticed an ogre
  2303 | D:5      | Found a sacrificial altar of Ru.
  2427 | D:6      | Reached skill level 4 in Maces & Flails
  2444 | D:5      | Noticed a phantom
  2575 | D:6      | Killed an ogre
  2575 | D:6      | Reached skill level 5 in Maces & Flails
  2575 | D:6      | Reached XP level 7. HP: 27/45 MP: 1/9
  2655 | D:6      | Noticed Grinder
  2708 | D:6      | Reached * piety under Cheibriados
  2775 | D:6      | Mangled by an ogre

Vault maps used:
D:1:      mainiacjoe_arrival_reflecting_pool
D:2:      minivault_11
D:3:      brannock_xom_greatest_gift, lemuel_round_altar
D:4:      grunt_temple_overflow_open, minmay_temple_entry_ruins,
          grunt_decor_one_mirror
D:5:      overflow_temple_1_default, nicolae_ru_the_path_less_chosen,
          kennysheep_little_box, first_ration, minmay_holes
D:6:      uniq_grinder
D:7:      marbit_many_paths, serial_shops, nicolae_shop_trees, uniq_harold

Skill      XL: |  1  2  3  4  5  6 |
---------------+-------------------+-----
Fighting       | 1 2 |  2.0
Dodging        | 3 |  3.2
Maces & Flails | 2 3 5 |  5.4
Short Blades   | |  1.2
Stealth        | |  3.2
Spellcasting   | |  1.5
Hexes          | |  2.4

Action                   |  1- 3 |  4- 6 |  7- 9 || total
-------------------------+-------+-------+-------++-------
Melee: Dagger            |    56 |     1 |       ||    57
       Whip              |    54 |   163 |    21 ||   238
 Cast: Corona            |     5 |       |       ||     5
       Ensorcelled Hiber |     5 |       |       ||     5
       Dazzling Spray    |       |    11 |     1 ||    12
Evoke: Wand              |       |     2 |     1 ||     3
  Use: Scroll            |       |     7 |       ||     7
       Potion            |       |       |     1 ||     1
 Stab: Sleeping          |     7 |     5 |       ||    12
       Distracted        |       |     1 |       ||     1
       Invisible         |       |     3 |       ||     3
  Eat: Chunk             |     1 |     7 |     1 ||     9
Armor: Robe              |    18 |    13 |     3 ||    34
Dodge: Dodged            |    71 |   127 |    17 ||   215

Table legend:
 A = Non-vault XP
 B = Vault XP
 C = Vault XP percentage of total XP
 D = Non-vault monster count
 E = Vault monster count
 F = Vault count percentage of total count
                 A         B        C        D         E       F
            +---------+---------+-------+---------+---------+-------
      Total |     610 |       0 |   0.0 |      70 |       0 |   0.0
            +---------+---------+-------+---------+---------+-------
        D:1 |      41 |       0 |   0.0 |      21 |       0 |   0.0
        D:2 |      18 |       0 |   0.0 |       9 |       0 |   0.0
        D:3 |      33 |       0 |   0.0 |      12 |       0 |   0.0
        D:4 |     102 |       0 |   0.0 |      12 |       0 |   0.0
        D:5 |     115 |       0 |   0.0 |       9 |       0 |   0.0
        D:6 |     301 |       0 |   0.0 |       7 |       0 |   0.0
            +---------+---------+-------+---------+---------+-------
